 Dungeon Crawl Stone Soup version 0.23-a0-703-gdf2d5e0 (webtiles) character file.

271 zishaf the Magician (level 6, 0/44 HPs)
             Began as a Gnoll Wizard on Jan 14, 2019.
             Killed themself with a badly aimed iceblast (18 damage)
             ... on level 4 of the Dungeon.
             The game lasted 00:08:44 (3281 turns).

zishaf the Magician (Gnoll Wizard)                  Turns: 3281, Time: 00:08:45

Health: 0/44       AC:  4    Str:  9    XL:     6   Next: 23%
Magic:  0/16       EV: 13    Int: 23    God:
Gold:   117        SH:  4    Dex: 13    Spells: 5/19 levels left

rFire    . . .     SeeInvis .   n - -1 mace
rCold    . . .     Gourm    .   h - +0 buckler
rNeg     . . .     Faith    .   s - +0 leather armour
rPois    +         Spirit   .   g - +0 helmet
rElec    .         Reflect  .   (no cloak)
rCorr    .         Harm     .   (no gloves)
MR       .....                  (no boots)
Stlth    ++........             (no amulet)
HPRegen  0.14/turn              v - ring of poison resistance
MPRegen  0.15/turn              (no ring)

@: no status effects
A: distributed training, fangs 1, strong nose
a: no special abilities


You were on level 4 of the Dungeon.
You were hungry.

You visited 1 branch of the dungeon, and saw 4 of its levels.

You collected 117 gold pieces.

Inventory:

Hand Weapons
 e - a +2 mace of protection
 n - a -1 mace (weapon)
Missiles
 b - 131 stones (quivered)
 m - 5 tomahawks
Armour
 g - a +0 helmet (worn)
 h - a +0 buckler (worn)
 r - a +0 ring mail
 s - a +0 leather armour (worn)
Jewellery
 v - a ring of poison resistance (left hand)
Wands
 x - a wand of random effects (16)
Scrolls
 a - 3 scrolls of teleportation
 c - a scroll of fog {unknown}
 i - a scroll of fear
 k - 2 scrolls of remove curse
 l - 3 scrolls of identify {unknown}
 o - 2 scrolls of random uselessness {unknown}
 t - a scroll of enchant weapon {unknown}
 w - a scroll of magic mapping {unknown}
Potions
 f - a potion of heal wounds {unknown}
 j - a potion of might {unknown}
 p - a potion of brilliance {unknown}
 q - 2 potions of cancellation {unknown}
Comestibles
 d - 10 rations
 u - 11 chunks of flesh


   Skills:
 + Level 1.8 Fighting
 + Level 1.8 Short Blades
 + Level 1.8 Long Blades
 + Level 1.8 Axes
 + Level 1.8 Maces & Flails
 + Level 1.8 Polearms
 + Level 1.8 Staves
 + Level 1.8 Slings
 + Level 1.8 Bows
 + Level 1.8 Crossbows
 + Level 1.8 Throwing
 + Level 1.8 Armour
 + Level 4.9 Dodging
 + Level 4.5 Stealth
 + Level 1.8 Shields
 + Level 1.8 Unarmed Combat
 + Level 7.4 Spellcasting
 + Level 2.5 Conjurations
 + Level 1.4 Hexes
 + Level 1.4 Charms
 + Level 2.5 Summonings
 + Level 1.4 Necromancy
 + Level 2.5 Translocations
 + Level 1.4 Transmutations
 + Level 1.4 Fire Magic
 + Level 1.4 Ice Magic
 + Level 1.4 Air Magic
 + Level 1.4 Earth Magic
 + Level 1.4 Poison Magic
 + Level 2.0 Invocations
 + Level 1.8 Evocations


You had 5 spell levels left.
You knew the following spells:

 Your Spells              Type           Power        Failure   Level  Hunger
a - Magic Dart            Conj           ###.         4%          1    None
b - Call Imp              Summ           ###.....     7%          2    None
c - Conjure Flame         Conj/Fire      ###.....     19%         3    None
d - Blink                 Tloc           N/A          7%          2    None
e - Confuse               Hex            ###.....     22%         3    None
z - Mephitic Cloud        Conj/Pois/Air  ###.....     19%         3    None

Your spell library contained the following spells:

 Spells                   Type           Power        Failure   Level  Hunger
 Confusing Touch          Hex            ###...       8%          1    None
 Slow                     Hex            ###.....     12%         2    None
 Gell's Gravitas          Tloc           ###.......   14%         3    None
 Petrify                  Tmut/Erth      ###.....     58%         4    ###....
 Metabolic Englaciation   Hex/Ice        ###.......   91%         5    #####..
 Yara's Violent Unravell  Hex/Tmut       ###.......   91%         5    #####..


Dungeon Overview and Level Annotations

Branches:
Dungeon (4/15)
 Temple: D:4-7

Altars:

Annotations:
D:4 1 transporter, Sagittarian's ghost, amateur DsWn


Innate Abilities, Weirdness & Mutations

Your experience applies equally to all skills.
You have very sharp teeth.
Your uncanny sense of smell can sniff out nearby items.


Message History

Press: ? - help, Shift-Dir - straight line, f/p - iguana
Aim: an iguana (heavily wounded)
The puff of frost hits the iguana.
The iguana is heavily wounded.
The iguana misses you.
Evoke which item? (* to show all) (? for menu, Esc to quit)
Aiming: Random Effects
Press: ? - help, Shift-Dir - straight line, f/p - iguana
Aim: an iguana (heavily wounded)
The puff of frost hits the iguana.
The iguana is almost dead.
The iguana closely misses you.
Evoke which item? (* to show all) (? for menu, Esc to quit)
Aiming: Random Effects
Press: ? - help, Shift-Dir - straight line, f/p - iguana
Aim: an iguana (severely wounded)
The mass of ice explodes!
The iceblast engulfs the iguana.
You kill the iguana!
The iceblast engulfs you!
You die...

#### #########.#.... ##
....©.©.......#....
...#
#......####..##....
.#.#.
..#..##....#####..
....##....##.######...#
##.....##....###......#
.......................
#.†...#.......##.#.
#.@..##..##........
#.##........###..#. #.
###..).###....#. ..
#.....#...##...
#.####.#.#..........
.....)...÷..........
...#.###.)...###>....
.... #.##..........
..... # ... #..###.....


There were no monsters in sight!

Vanquished Creatures
  A hound (D:4)
  2 orc wizards
  2 iguanas (D:4)
  A worker ant (D:4)
  2 adders (D:4)
  An adder skeleton (D:4)
  A dart slug (D:1)
  2 leopard geckos
  11 orcs
  A ball python (D:1)
  3 bats
  6 giant cockroaches
  5 goblins
  7 hobgoblins
  9 jackals (D:1)
  8 kobolds
  A quokka (D:3)
  5 frilled lizards
  4 rats
72 creatures vanquished.

Notes
Turn   | Place    | Note
-------+----------+-------------------------------------------
     0 | D:1      | zishaf the Gnoll Wizard began the quest for the Orb.
     0 | D:1      | Reached XP level 1. HP: 13/13 MP: 8/8
   369 | D:1      | Reached XP level 2. HP: 16/19 MP: 10/10
   603 | D:1      | Reached XP level 3. HP: 25/25 MP: 11/11
  1074 | D:1      | Reached skill level 1 in Invocations
  1371 | D:2      | Learned a level 2 spell: Call Imp
  1374 | D:2      | Learned a level 2 spell: Blink
  1378 | D:2      | Learned a level 3 spell: Conjure Flame
  1382 | D:2      | Learned a level 3 spell: Mephitic Cloud
  2083 | D:3      | Reached skill level 1 in Fighting
  2083 | D:3      | Reached skill level 1 in Short Blades
  2083 | D:3      | Reached skill level 1 in Long Blades
  2083 | D:3      | Reached skill level 1 in Axes
  2083 | D:3      | Reached skill level 1 in Maces & Flails
  2083 | D:3      | Reached skill level 1 in Polearms
  2083 | D:3      | Reached skill level 1 in Staves
  2083 | D:3      | Reached skill level 1 in Slings
  2083 | D:3      | Reached skill level 1 in Bows
  2083 | D:3      | Reached skill level 1 in Crossbows
  2083 | D:3      | Reached skill level 1 in Throwing
  2083 | D:3      | Reached skill level 1 in Armour
  2083 | D:3      | Reached skill level 1 in Shields
  2083 | D:3      | Reached skill level 1 in Unarmed Combat
  2083 | D:3      | Reached skill level 1 in Evocations
  2107 | D:3      | Learned a level 3 spell: Confuse
  2126 | D:3      | Reached XP level 4. HP: 24/32 MP: 13/13
  2669 | D:3      | Reached skill level 1 in Hexes
  2669 | D:3      | Reached skill level 1 in Charms
  2669 | D:3      | Reached skill level 1 in Necromancy
  2669 | D:3      | Reached skill level 1 in Transmutations
  2669 | D:3      | Reached skill level 1 in Fire Magic
  2669 | D:3      | Reached skill level 1 in Ice Magic
  2669 | D:3      | Reached skill level 1 in Air Magic
  2669 | D:3      | Reached skill level 1 in Earth Magic
  2669 | D:3      | Reached skill level 1 in Poison Magic
  2939 | D:4      | Found a transporter.
  2951 | D:4      | Reached XP level 5. HP: 33/37 MP: 10/14
  3032 | D:4      | Noticed Sagittarian's ghost (amateur DsWn)
  3256 | D:4      | Reached XP level 6. HP: 15/44 MP: 8/16
  3281 | D:4      | Killed themself with a badly aimed iceblast

Vault maps used:
D:1:      ncdulo_wetmaze, minivault_24
D:4:      first_ration, gammafunk_ghost_smash, enter_ossuary_4

Skill      XL: |  1  2  3  4  5 |
---------------+----------------+-----
Conjurations   | 2 |  2.5
Summonings     | 2 |  2.5
Translocations | 2 |  2.5
Invocations    | 1 2 |  2.0
Fighting       | 1 |  1.8
Short Blades   | 1 |  1.8
Long Blades    | 1 |  1.8
Axes           | 1 |  1.8
Maces & Flails | 1 |  1.8
Polearms       | 1 |  1.8
Staves         | 1 |  1.8
Slings         | 1 |  1.8
Bows           | 1 |  1.8
Crossbows      | 1 |  1.8
Throwing       | 1 |  1.8
Armour         | 1 |  1.8
Shields        | 1 |  1.8
Unarmed Combat | 1 |  1.8
Evocations     | 1 |  1.8
Hexes          | 1 |  1.4
Charms         | 1 |  1.4
Necromancy     | 1 |  1.4
Transmutations | 1 |  1.4
Fire Magic     | 1 |  1.4
Ice Magic      | 1 |  1.4
Air Magic      | 1 |  1.4
Earth Magic    | 1 |  1.4
Poison Magic   | 1 |  1.4
Dodging        | |  4.9
Stealth        | |  4.5
Spellcasting   | |  7.4

Action                   |  1- 3 |  4- 6 || total
-------------------------+-------+-------++-------
Melee: Mace              |   112 |    45 ||   157
       Bite              |     5 |     5 ||    10
 Cast: Magic Dart        |    11 |    74 ||    85
Evoke: Wand              |       |     3 ||     3
  Use: Scroll            |       |     3 ||     3
 Stab: Sleeping          |     1 |       ||     1
  Eat: Chunk             |     4 |     3 ||     7
Armor: Robe              |    17 |       ||    17
       Leather armour    |     5 |    11 ||    16
Dodge: Dodged            |    72 |    49 ||   121
Block: Buckler           |    25 |    13 ||    38

Table legend:
 A = Non-vault XP
 B = Vault XP
 C = Vault XP percentage of total XP
 D = Non-vault monster count
 E = Vault monster count
 F = Vault count percentage of total count
                 A         B        C        D         E       F
            +---------+---------+-------+---------+---------+-------
      Total |     388 |       0 |   0.0 |      72 |       0 |   0.0
            +---------+---------+-------+---------+---------+-------
        D:1 |      57 |       0 |   0.0 |      30 |       0 |   0.0
        D:2 |      11 |       0 |   0.0 |       6 |       0 |   0.0
        D:3 |      80 |       0 |   0.0 |      21 |       0 |   0.0
        D:4 |     240 |       0 |   0.0 |      15 |       0 |   0.0
            +---------+---------+-------+---------+---------+-------
